 Dungeon Crawl Stone Soup version 0.20-a0-959-gdc9e609 (webtiles) character file.

98 Hybris the Caller (level 4, -2/24 HPs)
             Began as a Tengu Summoner on Apr 6, 2017.
             Killed by nerve-wracking pain
             ... invoked by Grinder
              (12 damage)
             ... on level 3 of the Dungeon.
             The game lasted 00:06:55 (3011 turns).

Hybris the Caller (Tengu Summoner)                  Turns: 3011, Time: 00:06:56

Health: -2/24      AC:  4    Str:  8    XL:     4   Next: 69%
Magic:  9/9        EV: 13    Int: 17    God:
Gold:   116        SH:  0    Dex: 14    Spells: 3/9 levels left

rFire    . . .     SeeInvis .   n - +2 dagger (venom)
rCold    . . .     Gourm    .   (no shield)
rNeg     . . .     Faith    .   a - +0 robe
rPois    .         Spirit   .   (helmet restricted)
rElec    .         Reflect  .   (no cloak)
rCorr    .         Harm     .   x - +1 pair of gloves
MR       .....                  (boots unavailable)
Stlth    ++........             (no amulet)
Regen    0.1/turn               (no ring)
MPRegen  0.2/turn               (no ring)

@: no status effects
A: beak, talons 3
a: no special abilities


You were on level 3 of the Dungeon.
You were very hungry.

You visited 1 branch of the dungeon, and saw 3 of its levels.

You collected 116 gold pieces.

Inventory:

Hand Weapons
 d - a +0 hunting sling
 n - a +2 dagger of venom (weapon)
Missiles
 k - 17 stones
 o - 16 sling bullets (quivered)
Armour
 a - a +0 robe (worn)
 f - a cursed -1 ring mail
 x - a +1 pair of gloves (worn)
Scrolls
 g - a scroll of fog {unknown}
 m - a scroll of remove curse
Potions
 e - a potion of ambrosia {unknown}
 h - a potion of haste {unknown}
 s - 2 potions of might
 u - a potion of brilliance {unknown}
 v - a potion of lignification {unknown}
 w - a potion of curing {unknown}
Books
 b - a book of Callings

   Spells                             Type                      Level
   a - Summon Small Mammal            Summoning                    1
   b - Call Imp                       Summoning                    2
   c - Call Canine Familiar           Summoning                    3
   d - Summon Guardian Golem          Hexes/Summoning              3
   e - Summon Lightning Spire         Summoning/Air                4
   f - Summon Ice Beast               Ice/Summoning                4
 q - a book of Cantrips

   Spells                             Type                      Level
   a - Confusing Touch                Hexes                        1
   b - Animate Skeleton               Necromancy                   1
   c - Summon Small Mammal            Summoning                    1
   d - Apportation                    Translocation                1
Comestibles
 c - a bread ration
 i - 3 fruits
 j - a royal jelly
 l - 2 meat rations


   Skills:
 + Level 1.0 Short Blades
 + Level 0.0 Armour
 - Level 2.5 Dodging
 - Level 2.0 Stealth
 + Level 3.0 Spellcasting
 * Level 6.0 Summonings


You had 3 spell levels left.
You knew the following spells:

 Your Spells              Type           Power        Failure   Level  Hunger
a - Summon Small Mammal   Summ           ###.         1%          1    None
b - Call Imp              Summ           ###.....     2%          2    ##.....
c - Call Canine Familiar  Summ           ###.....     6%          3    ###....


Dungeon Overview and Level Annotations

Branches:
Dungeon (3/15)

Altars:

Annotations:
D:3 Grinder


Innate Abilities, Weirdness & Mutations

You have a beak for a mouth.
You have claws for feet.


Message History

k - 17 stones Your crimson imp blinks!
You swap places.
Found a stone staircase leading up.
m - a scroll of remove curse Grinder comes into view.
Your crimson imp blinks!
Found a scroll of remove curse.
The helpless Grinder fails to defend herself.
You puncture Grinder!
Grinder is poisoned.
Grinder is moderately wounded.
Grinder closely misses you.
You closely miss Grinder.
Grinder is moderately wounded.
Grinder hits you!
You writhe in agony.
You are too injured to fight recklessly!
Grinder gestures at you. Pain shoots through your body!
Ouch! That really hurt!
You die...

# #.###....######
.###..#..#.......#
#....#.#....####.#
.##....##.#.# #.#
###.##.##.#.# #.#
# #.##....#.# #5#
# #.#######.# #.#
#.# #.# #.# # #<#
#.# #@##.#.# #.#
.# #..5...# #.#
####.### #


You could see Grinder and a friendly crimson imp.

Vanquished Creatures
  An orc priest (D:3)
  An adder (D:2)
  An ooze (D:1)
  2 leopard geckos
  3 orcs (D:3)
  A ball python (D:1)
  5 bats (D:1)
  3 giant cockroaches
  7 goblins
  3 hobgoblins
  A quokka (D:2)
  3 frilled lizards
  A kobold (D:2)
  3 rats
35 creatures vanquished.

Vanquished Creatures (collateral kills)
  Jessica (D:2)
  An adder (D:1)
  A dart slug (D:1)
  2 hobgoblins (D:1)
  A kobold (D:1)
6 creatures vanquished.

Grand Total: 41 creatures vanquished

Notes
Turn   | Place    | Note
-------+----------+-------------------------------------------
     0 | D:1      | Hybris the Tengu Summoner began the quest for the Orb.
     0 | D:1      | Reached XP level 1. HP: 10/10 MP: 4/4
   277 | D:1      | Reached skill level 5 in Summonings
   396 | D:1      | Reached XP level 2. HP: 14/15 MP: 6/6
   400 | D:1      | Learned a level 2 spell: Call Imp
  1130 | D:1      | Reached XP level 3. HP: 17/19 MP: 7/7
  1366 | D:1      | Learned a level 3 spell: Call Canine Familiar
  1969 | D:2      | Noticed Jessica
  1975 | D:2      | Killed Jessica
  2083 | D:2      | Reached XP level 4. HP: 23/24 MP: 9/9
  2942 | D:3      | Reached skill level 6 in Summonings
  2968 | D:3      | Reached skill level 1 in Short Blades
  3007 | D:3      | Noticed Grinder
  3011 | D:3      | Killed from afar by Grinder

Vault maps used:
D:1:      dpeg_arrival_shrine
D:2:      uniq_jessica
D:3:      cheibrodos_greedy_goblins, okawaru_altar_gauntlet_db, uniq_grinder

Skill      XL: |  1  2  3  4 |
---------------+-------------+-----
Summonings     | 5 6 |  6.0
Spellcasting   | 3 |  3.0
Short Blades   | 1 |  1.0
Dodging        | |  2.5
Stealth        | |  2.0

Action                   |  1- 3 |  4- 6 || total
-------------------------+-------+-------++-------
Melee: Whip              |    43 |       ||    43
       Unarmed           |     8 |       ||     8
       Kick              |    15 |     5 ||    20
       Peck              |     9 |     3 ||    12
       Dagger            |    23 |    44 ||    67
 Cast: Summon Small Mamm |     3 |       ||     3
       Call Imp          |     6 |     4 ||    10
       Call Canine Famil |     1 |     1 ||     2
  Use: Scroll            |       |     6 ||     6
 Stab: Sleeping          |     5 |     3 ||     8
  Eat: Chunk             |     4 |     2 ||     6
Armor: Robe              |    10 |     5 ||    15
Dodge: Dodged            |    58 |    18 ||    76
